 Dungeon Crawl Stone Soup version 0.27.0-1-g7a089689b8 (webtiles) character file.

Game seed: 17430954992109679078

276 Majang the Cudgeller (level 6, 0/72 HPs)
             Began as a Demonspawn Gladiator on Aug 10, 2021.
             Slain by a killer bee (1 damage)
             ... on level 4 of the Dungeon.
             The game lasted 00:10:17 (4067 turns).

Majang the Cudgeller (Demonspawn Gladiator)         Turns: 4067, Time: 00:10:17

Health: 0/72       AC: 23    Str: 16    XL:     6   Next: 4%
Magic:  6/6        EV:  2    Int:  9    God:
Gold:   104        SH:  4    Dex: 15    Spells: 5/5 levels left

rFire    . . .     SeeInvis .   a - +1 flail
rCold    . . .     Faith    .   (no shield)
rNeg     + + +     Spirit   .   (armour currently unavailable)
rPois    +         Reflect  .   (helmet currently unavailable)
rElec    .         Harm     .   (cloak currently unavailable)
rCorr    .         Rampage  .   (gloves currently unavailable)
Will     .....     NoTele   +   (boots currently unavailable)
Stlth    +.........             (no amulet)
HPRegen  0.22/turn              (no ring)
MPRegen  0.10/turn              (no ring)

@: mighty, brilliant, tree-form
A: stationary, stasis, torment immunity, boosted hp, (antennae 1), (yellow
scales 1), condensation shield
a: no special abilities


You were on level 4 of the Dungeon.
You were a tree.
You visited 1 branch of the dungeon, and saw 4 of its levels.

You collected 104 gold pieces.

Inventory:

Hand Weapons
 a - a +1 flail (weapon)
Missiles
 d - 3 throwing nets (quivered)
Armour
 g - a +3 scale mail of cold resistance (melded)
Scrolls
 j - 2 scrolls of brand weapon {unknown}
 k - 2 scrolls of amnesia {unknown}
 n - 2 scrolls of fear {unknown}
 q - 2 scrolls of noise {unknown}


   Skills:
 + Level 3.8 Fighting
 * Level 5.1 Maces & Flails
 + Level 1.9 Throwing
 + Level 0.4 Armour
 + Level 2.8 Dodging


You had 5 spell levels left.
You didn't know any spells.
Your spell library contained the following spells:

 Spells                   Type           Power      Damage    Failure   Level
 Blink                    Tloc           N/A        N/A       52%         2
 Call Canine Familiar     Summ           0%         N/A       77%         3
 Portal Projectile        Hex/Tloc       0%         N/A       77%         3
 Leda's Liquefaction      Hex/Erth       0%         N/A       99%         4
 Manifold Assault         Tloc           0%         N/A       100%        5
 Storm Form               Tmut/Air       0%         N/A       100%        7


Dungeon Overview and Level Annotations

Branches:
Dungeon (4/15)
 Temple: D:4-7

Altars:
Nemelex Xobeh
Xom
The Shining One

Shops:
D:1 ?   D:2 =


Innate Abilities, Weirdness & Mutations

You are a tree.
Your roots penetrate the ground, keeping you stationary.
You cannot be teleported.
You are immune to unholy pain and torment.
Your maximum health is greatly increased.
Your equipment is partially melded.
((You have a pair of small antennae on your head.))
((You are partially covered in yellow scales. (AC +2)))
A meltable shield of frost defends you. (SH +4)


Message History

The killer bee stings you but does no damage.
You have reached level 6!
Your experience leads to an increase in your attributes!
Increase (S)trength, (I)ntelligence, or (D)exterity?
You feel stronger.
You closely miss the killer bee.
You feel sick. The killer bee completely misses you.
The killer bee stings you but does no damage. x2
You miss the killer bee.
You feel sick. You block the killer bee's attack. The killer bee stings you.
* * * LOW HITPOINT WARNING * * *
Unknown command.
You miss the killer bee.
You feel sick.
The killer bee stings you but does no damage. x2
You barely miss the killer bee.
You feel sick.
The killer bee stings you but does no damage. x2
You closely miss the killer bee.
You feel sick.
The killer bee stings you but does no damage.
The killer bee stings you.
* * * LOW HITPOINT WARNING * * *
The killer bee stings you but does no damage.
Okay, then.
It was a potion of brilliance.
You feel clever all of a sudden.
You feel sick.
You are no longer poisoned.
The killer bee stings you but does no damage. x2
It was a potion of might.
You feel very mighty all of a sudden. The killer bee stings you.
* * * LOW HITPOINT WARNING * * *
The killer bee stings you but does no damage.
Unknown command.
You miss the killer bee.
The killer bee stings you but does no damage.
You block the killer bee's attack.
You closely miss the killer bee.
The killer bee stings you but does no damage.
The killer bee stings you.
You die...

,*,,,,,,,,.,* #...# *,#*,* *,
,*,*,,,,**..####...####.#*,* *,
,*,*,,,,**.....[.........*,*****,
,,,,,,,,*,...............*,,,,,,,
,*,*,,,,,,...g...........**,*****
,*,*,*,,*,*,***#y.)#*******,,*
,*,,,,,,,,,,* ##.#.## **,*
****,**,*,*** #y###.# *,*
*,**,*,* ##♣#.## ###*,**##
*,,,,,,* ##...### #..,,,,.#
***,**** #......# #.#*,**.. *,*
#....(.# #.#*,,,.. ******,*
#......# ##.#####.. ,,,,,,,*
#......# #..).<...# ********
#......# #........#
######......###.#####.##
####..................##.#


You could see a killer bee.

Vanquished Creatures
  A bullfrog (D:3)
  A killer bee (D:4)
  An orc wizard (D:3)
  4 gnolls (D:4)
  4 adders
  A dart slug (D:2)
  3 orcs (D:3)
  A bat (D:1)
  7 endoplasms
  5 giant cockroaches
  10 goblins
  A hobgoblin (D:3)
  A jackal (D:3)
  3 quokkas (D:3)
  8 ball pythons
  4 frilled lizards
  8 kobolds
  4 rats
67 creatures vanquished.

Notes
Turn   | Place    | Note
-------+----------+-------------------------------------------
     0 | D:1      | Majang the Demonspawn Gladiator began the quest for the
                  | Orb.
     0 | D:1      | Reached XP level 1. HP: 16/16 MP: 1/1
   466 | D:1      | Reached skill level 3 in Maces & Flails
   538 | D:1      | Gained mutation: You are partially covered in yellow
                  | scales. (AC +2) [demonic ancestry]
   538 | D:1      | Reached XP level 2. HP: 22/22 MP: 2/2
   600 | D:1      | Found Keole's Magic Scroll Boutique.
  1192 | D:1      | Found a faded altar of an unknown god.
  1439 | D:2      | Reached XP level 3. HP: 24/28 MP: 3/3
  1571 | D:2      | Found Faczuh's Jewellery Boutique.
  2555 | D:3      | Reached skill level 4 in Maces & Flails
  2590 | D:3      | Found a shimmering altar of Xom.
  2595 | D:3      | Found a sparkling altar of Nemelex Xobeh.
  2634 | D:3      | Gained mutation: You have a pair of small antennae on your
                  | head. [demonic ancestry]
  2634 | D:3      | Reached XP level 4. HP: 32/34 MP: 4/4
  2635 | D:3      | Noticed a bullfrog
  2669 | D:3      | Killed a bullfrog
  2931 | D:3      | Gained mutation: A meltable shield of frost defends you.
                  | (SH +4) [demonic ancestry]
  2931 | D:3      | Reached XP level 5. HP: 41/41 MP: 5/5
  3939 | D:4      | Reached skill level 5 in Maces & Flails
  4059 | D:4      | Reached XP level 6. HP: 19/48 MP: 6/6
  4065 | D:4      | HP: 1/72 [killer bee (5)]
  4067 | D:4      | Slain by a killer bee

Illustrated notes

Levels and vault maps discovered:
D:1:      dpeg_arrival_rooms_b, layout_basic,
          shapermc_ecumenical_altar_mp_vishouse, serial_shops, shop
D:2:      layout_basic, serial_shops, nicolae_lakefront_shop
D:3:      minmay_evil_eye, layout_loops_ring, minitemple
D:4:      layout_loops_cross

Skill      XL: |  1  2  3  4  5 |
---------------+----------------+-----
Maces & Flails | 3 4 5 |  5.1
Fighting       | 3 |  3.8
Throwing       | |  1.9
Armour         | |  0.4
Dodging        | |  2.8

Action                   |  1- 3 |  4- 6 || total
-------------------------+-------+-------++-------
Melee: Flail             |   138 |   150 ||   288
  Use: Potion            |       |     6 ||     6
       Scroll            |       |     4 ||     4
Armor: Leather armour    |    11 |       ||    11
       Scale mail        |    60 |    71 ||   131
       Skin              |       |    21 ||    21
Dodge: Dodged            |    85 |    60 ||   145
Block: Other             |       |    19 ||    19
